 Dungeon Crawl Stone Soup version 0.30-a0-1094-g860fb061e7 (webtiles) character file.

Game seed: 1058895804904323876

2335 ryw the Basher (level 9, -8/69 HPs)
             Began as a Mummy Fighter on Apr 18, 2023.
             Was a Follower of Okawaru.
             Mangled by a two-headed ogre
             ... wielding a +0 giant club
              (16 damage)
             ... on level 7 of the Dungeon.
             The game lasted 00:11:22 (6258 turns).

ryw the Basher (Mummy Fighter)                      Turns: 6258, Time: 00:11:22

Health: -8/69      AC: 18    Str: 24    XL:     9   Next: 19%
Magic:  9/9        EV: 10    Int:  7    God:    Okawaru [*.....]
Gold:   135        SH:  7    Dex: 16    Spells: 8/8 levels left

rFire   . . .      SeeInvis .    a - +2 flail (protect)
rCold   + . .      Faith    +    m - +2 buckler
rNeg    + + +      Spirit   .    q - +1 ring mail "Muvoakix" {Will+ Regen+}
rPois   ∞          Reflect  .    (no helmet)
rElec   .          Rampage  .    (no cloak)
rCorr   .                        (no gloves)
Will    ++...                    (no boots)
Stlth   +                        (no amulet)
HPRegen 1.11/turn                e - ring of protection from fire
MPRegen 0.11/turn                l - ring of the Cockroach {AC+4 Dex+5}

@: under a protective aura
A: cold resistance 1, negative energy resistance 3, torment resistance 2, heat
vulnerability 1, in touch with death 1, no potions, faith
a: Renounce Religion, Heroism


You were on level 7 of the Dungeon.
You worshipped Okawaru.
Okawaru was aware of your devotion.
You visited 2 branches of the dungeon, and saw 8 of its levels.
You also visited: Ossuary.

You collected 459 gold pieces.
You spent 324 gold pieces at shops.

Inventory:

Hand Weapons
 a - a +2 flail of protection (weapon)
 n - a +2 whip of venom
 o - a +2 whip of electrocution
Missiles
 k - 12 poisoned darts (quivered)
Armour
 m - a +2 buckler (worn)
 q - the +1 ring mail "Muvoakix" (worn) {Will+ Regen+}
   (You bought it in a shop on level 5 of the Dungeon)

   Regen:     It increases your rate of health regeneration.
   Will:      It increases your willpower.
Jewellery
 c - a ring of resist corrosion
 d - a +6 ring of intelligence
 e - a ring of protection from fire (left hand)
 h - a ring of fire
 i - a ring of flight
 l - the ring of the Cockroach (right hand) {AC+4 Dex+5}
   (You acquired it on level 5 of the Dungeon)

   [ring of protection]

   AC:        It affects your AC (+4).
   Dex:       It affects your dexterity (+5).
Wands
 r - a wand of iceblast (6)
 u - a wand of mindburst (12)
Scrolls
 b - a scroll of poison
 f - a scroll of vulnerability
 g - 3 scrolls of enchant armour
 j - 8 scrolls of identify
 p - 3 scrolls of noise
 s - 2 scrolls of magic mapping
 t - a scroll of torment
 v - a scroll of brand weapon


   Skills:
 + Level 6.0 Fighting
 * Level 8.3 Maces & Flails
 + Level 5.0 Armour
 + Level 2.7 Shields


You had 8 spell levels left.
You didn't know any spells.
Your spell library contained the following spells:

 Spells                   Type           Power      Damage    Failure   Level
 Sting                    Tmut/Pois      0%         1d3       67%         1
 Poisonous Vapours        Pois/Air       0%         N/A       80%         2
 Olgreb's Toxic Radiance  Pois           0%         N/A       100%        4
 Summon Small Mammal      Summ           Unusable   N/A       N/A         1
 Call Canine Familiar     Summ           Unusable   N/A       N/A         3
 Summon Guardian Golem    Hex/Summ       Unusable   N/A       N/A         3

Dungeon Overview and Level Annotations

Branches:
Dungeon (7/15)             Temple (1/1) D:5         Ossuary (visited)

Altars:
Ashenzari
Dithmenos
Fedhas
Gozag
Hepliaklqana
Kikubaaqudgha
Nemelex Xobeh
Okawaru
Qazlal
Ru
Sif Muna
Trog
Vehumet
Wu Jian
Yredelemnul

Shops:
D:5 [

Annotations:
D:6 3 runed translucent doors, Newt's ghost, novice DsGl


Innate Abilities, Weirdness & Mutations

You are immune to poison.
Your flesh is cold resistant. (rC+)
You are immune to negative energy. (rN+++)
You are immune to unholy pain and torment.
You are vulnerable to heat. (rF-)
You are in touch with the powers of death.
You do not drink.
You have a special connection with the divine. (Faith)


Message History

The howler monkey closely misses you.
You thump the howler monkey!
The howler monkey is severely wounded.
The howler monkey barely misses you. The orc wizard completely misses you.
You sock the howler monkey!
You kill the howler monkey!
Okawaru accepts your kill.
The two-headed ogre closely misses you. x2; The orc wizard barely misses you.
You barely miss the two-headed ogre. You block the orc wizard's attack.
The two-headed ogre hits you with a +0 giant club!!
You block the two-headed ogre's attack.
The orc wizard hits you but does no damage.
You sock the two-headed ogre!
The two-headed ogre is moderately wounded.
You block the two-headed ogre's attack.
The two-headed ogre hits you with a +0 giant club!
The orc wizard hits you but does no damage.
You sock the two-headed ogre!
The two-headed ogre is heavily wounded.
The orc wizard gestures at you while chanting.
The magic dart hits you.
You bludgeon the two-headed ogre!!
The two-headed ogre is almost dead.
The two-headed ogre hits you with a +0 giant club!
The two-headed ogre hits you with a +0 giant club.
* * * LOW HITPOINT WARNING * * *
The orc wizard barely misses you.
You hit the orc wizard but do no damage.
The two-headed ogre hits you with a +0 giant club!
* * * LOW HITPOINT WARNING * * *
You block the two-headed ogre's attack. The orc wizard barely misses you.
You hit the two-headed ogre.
The two-headed ogre is almost dead.
You block the orc wizard's attack.
You barely miss the two-headed ogre.
The two-headed ogre is almost dead.
The two-headed ogre hits you with a +0 giant club.
* * * LOW HITPOINT WARNING * * *
The two-headed ogre hits you with a +0 giant club!
You die...

#...........
#....###.###
######....#
.#
........###
# ........#
........#
........#
.......O#
.......@#
......)o#
.........
###.......
..........
###.......##
#.......#
#........


You could see a two-headed ogre and an orc wizard.

Vanquished Creatures
  Pikel (D:5)
  A water moccasin (D:5)
  A sky beast (D:7)
  A black bear (D:5)
  An ogre (D:4)
  2 centaurs (D:5)
  2 phantoms
  A lemure (D:5)
  2 elf zombies
  A gnoll sergeant (D:5)
  3 scorpions
  An elf skeleton (D:5)
  2 howler monkeys (D:7)
  An orc priest (D:7)
  2 hounds
  A jelly (D:6)
  A human zombie (Ossuary)
  Terence (D:2)
  2 human skeletons (D:5)
  A sleepcap (D:6)
  3 iguanas
  2 orc wizards
  A hound zombie (Ossuary)
  4 mummies (Ossuary)
  6 gnolls (D:5)
  5 adders
  A white imp (D:6)
  An ufetubus (D:5)
  A worm (D:2)
  A dart slug (D:1)
  14 orcs
  4 bats
  10 endoplasms
  5 giant cockroaches
  9 goblins
  4 hobgoblins
  7 jackals
  3 quokkas
  5 ball pythons
  A frilled lizard (D:3)
  4 goblin zombies (Ossuary)
  A jackal zombie (Ossuary)
  10 kobolds
  3 kobold zombies (Ossuary)
  An orc skeleton (D:5)
  An orc zombie (D:5)
  2 rats
  A rat zombie (Ossuary)
138 creatures vanquished.

Vanquished Creatures (others)
  2 plants (D:2)
2 creatures vanquished.

Grand Total: 140 creatures vanquished

Notes
Turn   | Place    | Note
-------+----------+-------------------------------------------
     0 | D:1      | ryw the Mummy Fighter began the quest for the Orb.
     0 | D:1      | Reached XP level 1. HP: 18/18 MP: 1/1
    76 | D:1      | Reached skill level 2 in Maces & Flails
    84 | D:1      | Reached XP level 2. HP: 23/24 MP: 2/2
   613 | D:2      | Gained mutation: You are in touch with the powers of death.
                  | [Mummy growth]
   613 | D:2      | Reached XP level 3. HP: 27/29 MP: 3/3
   686 | D:2      | Reached skill level 3 in Maces & Flails
  1209 | D:2      | Noticed Terence
  1222 | D:2      | Killed Terence
  1223 | D:2      | Reached XP level 4. HP: 19/35 MP: 4/4
  1527 | D:3      | Found a blossoming altar of Fedhas.
  1607 | D:3      | Reached skill level 4 in Maces & Flails
  2536 | D:4      | Found a basalt altar of Yredelemnul.
  2548 | D:4      | Reached XP level 5. HP: 41/41 MP: 5/5
  2720 | D:4      | Reached skill level 5 in Maces & Flails
  2834 | D:4      | Reached XP level 6. HP: 44/47 MP: 6/6
  2933 | D:4      | Found a shimmering blue altar of Sif Muna.
  3492 | D:5      | Entered Level 5 of the Dungeon
  3544 | D:5      | Noticed Pikel
  3583 | D:5      | Found Wianituc's Armour Shoppe.
  3647 | D:5      | Reached XP level 7. HP: 51/52 MP: 7/7
  3665 | D:5      | Identified a scroll of acquirement
  3665 | D:5      | Acquired the ring of the Cockroach {AC+4 Dex+5}
  3677 | D:5      | Killed Pikel
  3678 | D:5      | Reached skill level 6 in Maces & Flails
  3762 | D:5      | Reached XP level 8. HP: 36/61 MP: 8/8
  3974 | D:5      | Reached skill level 7 in Maces & Flails
  4020 | D:5      | Found a sand-covered staircase.
  4037 | D:5      | Reached skill level 5 in Fighting
  4040 | Ossuary  | Entered an ossuary
  4548 | D:5      | Bought the +1 ring mail "Muvoakix" {Will+ Regen+} for 324
                  | gold pieces
  4566 | D:5      | Found a staircase to the Ecumenical Temple.
  4579 | Temple   | Entered the Ecumenical Temple
  4901 | Temple   | Became a worshipper of Warmaster Okawaru
  5132 | D:5      | Reached skill level 8 in Maces & Flails
  5243 | D:5      | Reached XP level 9. HP: 56/69 MP: 9/9
  5697 | D:6      | Noticed Newt's ghost (novice DsGl)
  5730 | D:6      | Found a runed translucent gate.
  5730 | D:6      | Found a runed translucent gate.
  5730 | D:6      | Found a runed translucent gate.
  6222 | D:7      | Reached * piety under Okawaru
  6236 | D:7      | Reached skill level 5 in Armour
  6245 | D:7      | Noticed a two-headed ogre
  6258 | D:7      | Mangled by a two-headed ogre

Illustrated notes

Levels and vault maps discovered:
D:1:      lightli_arrival_noodles, layout_rooms, grunt_decor_junction,
          minivault_23
D:2:      layout_loops_cross, serial_forest, infiniplex_forest_straight_3,
          infiniplex_forest_clump_curved, infiniplex_forest_zigzag_2,
          infiniplex_forest_3_way, infiniplex_forest_straight_4,
          infiniplex_forest_corner_1, infiniplex_forest_end_double, uniq_terence
D:3:      layout_basic, fedhas_ov_isle_minmay
D:4:      layout_loops_ring, yredelemnul_altar_generic,
          overflow_temple_1_default, serial_glass, glass_columns_a,
          glass_columns_b
D:5:      layout_basic, nicolae_elyvilon_peaceful_grove,
          minmay_temple_entry_purple_smoke, serial_shops,
          nicolae_shop_statue_plus, nicolae_ossuary_entry_catacombs,
          hangedman_decor_slide_cut, uniq_pikel
D:6:      layout_rooms, gammafunk_ghost_icy
D:7:      layout_basic, mainiacjoe_overflow_cross_hatched, enter_bailey_6,
          minmay_microvault, uniq_prince_ribbit1, uniq_crazy_yiuf_cottage
Temple:   oiseaux_autumnal_temple

Skill      XL: |  1  2  3  4  5  6  7  8  9 |
---------------+----------------------------+-----
Maces & Flails | 2 3 4 5 6 8 |  8.3
Fighting       | 4 5 6 |  6.0
Armour         | 3 4 5 |  5.0
Shields        | |  2.7

Action                     |  1- 3 |  4- 6 |  7- 9 || total
---------------------------+-------+-------+-------++-------
  Melee: Whip              |    43 |       |       ||    43
         Flail             |    56 |   217 |   264 ||   537
    Use: Scroll            |     3 |     5 |     5 ||    13
 Armour: Scale mail        |    49 |    70 |    81 ||   200
         Ring mail         |       |       |    68 ||    68
  Dodge: Dodged            |    39 |    89 |    97 ||   225
  Block: Buckler           |    15 |    49 |    95 ||   159

Table legend: (Time is in decaauts)
 A = Elapsed time spent in this place.
 B = Non-inter-level travel time spent in this place.
 C = Inter-level travel time spent in this place.
 D = Time resting spent in this place.
 E = Time spent auto-exploring this place.
 F = Levels seen in this place.
 G = Mean time per level.
                   A        B        C        D        E       F      G
               +--------+--------+--------+--------+--------+-----+--------+
         Total |   6348 |   5998 |    350 |    181 |   4546 |   9 |  705.3 |
       Dungeon |   5794 |   5514 |    280 |    181 |   4195 |   7 |  827.7 |
        Temple |    358 |    288 |     70 |      0 |    272 |   1 |  358.0 |
       Ossuary |    196 |    196 |      0 |      0 |     79 |   1 |  196.0 |
               +--------+--------+--------+--------+--------+-----+--------+

Top non-repeatable levels by time:
     D:5: 1456 daAuts
     D:3: 1175 daAuts
     D:4: 1082 daAuts
     D:2: 882 daAuts
     D:1: 568 daAuts
     D:6: 556 daAuts
  Temple: 358 daAuts
 Ossuary: 196 daAuts
     D:7: 73 daAuts
